 Dungeon Crawl Stone Soup version 0.30.1-9-gdf580d7c3d (webtiles) character file.

Game seed: 13846059759552531232

2125 growler the Insei (level 9, -8/62 HPs)
             Began as an Octopode Transmuter on Oct 9, 2023.
             Was a Believer of Wu Jian.
             Mangled by a gargoyle
             ... wielding a +0 dire flail
              (28 damage)
             ... on level 7 of the Dungeon.
             The game lasted 00:17:20 (6137 turns).

growler the Insei (Octopode Transmuter)             Turns: 6137, Time: 00:17:20

Health: -8/62      AC:  2    Str:  9    XL:     9   Next: 29%
Magic:  7/13       EV: 24    Int: 18    God:    Wu Jian [**....]
Gold:   361        SH:  0    Dex: 19    Spells: 4/14 levels left

rFire   . .          .
                       - Unarmed
rCold   . . .        (shield currently unavailable)
rNeg    . . .        (helmet currently unavailable)
rPois   x            (no amulet)
rElec   .            (no ring)
rCorr   .            (no ring)
SInv    .            (no ring)
Will    .....        (no ring)
Stlth   ++           (no ring)
HPRegen 0.30/turn    (no ring)
MPRegen 0.13/turn    (no ring)
                     (no ring)

%: no passive effects
@: spider-form
A: venomous fangs, almost no armour, (amphibious), 8 rings, tiny, (camouflage
1), (gelatinous body 1), (nimble swimmer 1), (tentacles)
a: End Transformation, Renounce Religion, Wall Jump


You were on level 7 of the Dungeon.
You worshipped Wu Jian.
Wu Jian was pleased with you.
You were a venomous arachnid creature.
You visited 1 branch of the dungeon, and saw 7 of its levels.

You collected 361 gold pieces.

Inventory:

Jewellery
 b - a ring of protection from fire
Wands
 i - a wand of polymorph (12)
Scrolls
 a - a scroll of silence
 e - a scroll of poison {unknown}
 f - a scroll of noise {unknown}
 h - a scroll of immolation {unknown}
 k - 3 scrolls of identify
 m - a scroll of amnesia
 q - a scroll of enchant armour {unknown}
 s - a scroll of torment {unknown}
Potions
 c - 2 potions of mutation
 d - 2 potions of berserk rage {unknown}
 g - a potion of attraction
 j - 2 potions of brilliance {unknown}
 l - a potion of flight {unknown}
 n - a potion of ambrosia {unknown}
 o - a potion of invisibility {unknown}
 p - a potion of lignification
 r - 3 potions of curing


   Skills:
 - Level 6.0 Fighting
 - Level 6.2 Dodging
 + Level 7.3 Unarmed Combat
 - Level 3.0 Spellcasting
 + Level 4.9 Transmutations


You had 4 spell levels left.
You knew the following spells:

 Your Spells              Type           Power      Damage    Failure   Level
a - Beastly Appendage     Tmut           40%        N/A       9%          1
b - Wereblood             Tmut           20%        N/A       11%         2
c - Spider Form           Tmut/Pois      11%        N/A       38%         3
d - Ice Form              Ice/Tmut       11%        N/A       73%         4

Your spell library contained the following spells:

 Spells                   Type           Power      Damage    Failure   Level
 Summon Guardian Golem    Hex/Summ       2%         N/A       65%         3
 Orb of Destruction       Conj           1%         9d5       100%        7
 Spellforged Servitor     Conj/Summ      1%         N/A       100%        7


Dungeon Overview and Level Annotations

Branches:
Dungeon (7/15)             Temple (0/1) D:6

Altars:
Cheibriados
Gozag
Trog
Wu Jian
Zin
The Shining One

Shops:
D:3 *   D:4 *   D:6 ?*=?


Innate Abilities, Weirdness & Mutations

You are a venomous arachnid creature.
You have venomous fangs.
You are tiny and dextrous.
Your spellcasting is less reliable in this form.
Your armour is entirely melded.
You are incapable of wielding weapons or throwing items.
You cannot wear most types of armour.
((You are amphibious.))
You can wear up to eight rings at the same time.
((Your skin changes colour to match your surroundings (Stealth+).))
((Your rubbery body absorbs attacks. (AC +1, EV +1)))
((You are camouflaged when in or above water. (Stealth+)))
((You have tentacles for arms and can constrict up to eight enemies at once.))


Message History

The gargoyle is severely damaged.
The gargoyle hits you with a +0 dire flail!
You hit the gargoyle but do no damage.
The gargoyle is severely damaged.
The gargoyle barely misses you.
You hit the gargoyle.
The gargoyle is severely damaged.
The gargoyle misses you.
You completely miss the gargoyle.
The gargoyle is severely damaged.
The gargoyle hurls a stone arrow at you.
The stone arrow misses you.
You hit the gargoyle but do no damage.
The gargoyle is severely damaged.
You hit the gargoyle but do no damage.
The gargoyle is severely damaged.
The gargoyle completely misses you.
You hit the gargoyle but do no damage.
The gargoyle is severely damaged.
Your transformation has ended.
The gargoyle hurls a stone arrow at you.
The stone arrow misses you.
Okay, then.
Casting: Spider Form (dangerous; 19% risk of failure)
Confirm with . or Enter, or press ? or * to list all spells.
You turn into a venomous arachnid creature.
The gargoyle completely misses you.
You hit the gargoyle but do no damage.
The gargoyle is severely damaged.
The gargoyle completely misses you.
You hit the gargoyle but do no damage.
The gargoyle is severely damaged.
The gargoyle closely misses you.
You hit the gargoyle but do no damage.
The gargoyle is severely damaged.
The gargoyle hits you with a +0 dire flail!!
You hit the gargoyle but do no damage.
The gargoyle is severely damaged.
The gargoyle hits you with a +0 dire flail!!
You die...

.....##............#
>....##.....##....##
.............#..####
.............#..##.##
..........##........##
##.......###.........#
..........#........##
...)...##...........#
.......###...###s...#
...........#####9..##
............#.#....#
..................##
..............#...#
.............######
.............#
.........#####
..........###


You could see a gargoyle.

Vanquished Creatures
  Eustachio (D:6)
  A steam dragon (D:6)
  A water moccasin (D:5)
  Duvessa (D:6)
  An orc warrior (D:6)
  3 black bears
  2 ogres
  A centaur (D:6)
  A phantom (D:4)
  3 bullfrogs
  A scorpion (D:5)
  Dowan (D:6)
  A howler monkey (D:6)
  3 hounds
  3 orc priests
  2 jellies
  2 sleepcaps
  3 iguanas
  5 orc wizards
  3 gnolls
  3 adders
  2 worms
  A dart slug (D:3)
  18 orcs
  5 endoplasms
  3 giant cockroaches
  2 goblins (D:3)
  7 hobgoblins
  4 jackals (D:4)
  6 kobolds
  5 quokkas
  3 ball pythons
  A bat (D:3)
  3 frilled lizards
  3 rats
105 creatures vanquished.

Notes
Turn   | Place    | Note
-------+----------+-------------------------------------------
     0 | D:1      | growler the Octopode Transmuter began the quest for the
                  | Orb.
     0 | D:1      | Reached XP level 1. HP: 13/13 MP: 3/3
   322 | D:1      | Reached XP level 2. HP: 18/18 MP: 5/5
   325 | D:1      | Learned a level 2 spell: Wereblood
   773 | D:2      | Reached XP level 3. HP: 20/23 MP: 4/6
   777 | D:2      | Learned a level 3 spell: Spider Form
   989 | D:2      | Found an ornate altar of the Wu Jian Council.
  1005 | D:2      | Became a worshipper of the Wu Jian Council
  1599 | D:3      | Found Vurotan's Assorted Antiques.
  2020 | D:3      | Reached XP level 4. HP: 14/29 MP: 2/7
  2336 | D:3      | Reached XP level 5. HP: 34/34 MP: 2/9
  2644 | D:4      | Noticed a phantom
  2661 | D:4      | Killed a phantom
  2662 | D:4      | Reached XP level 6. HP: 16/41 MP: 8/10
  2665 | D:4      | Reached * piety under Wu Jian
  2666 | D:4      | Reached skill level 4 in Unarmed Combat
  2808 | D:4      | Found a glowing silver altar of Zin.
  2907 | D:4      | Found an opulent altar of Gozag.
  2936 | D:4      | Noticed a black bear
  2944 | D:4      | Killed a black bear
  2990 | D:4      | Found Ushron's Gadget Gallery.
  3487 | D:5      | Entered Level 5 of the Dungeon
  3493 | D:5      | Learned a level 4 spell: Ice Form
  3507 | D:5      | Noticed a black bear
  3518 | D:5      | HP: 1/42 [acid (9)]
  3521 | D:5      | Killed a black bear
  3522 | D:5      | Reached XP level 7. HP: 17/46 MP: 8/11
  3868 | D:5      | Found a snail-covered altar of Cheibriados.
  3916 | D:5      | Reached skill level 5 in Unarmed Combat
  4389 | D:5      | Reached XP level 8. HP: 54/54 MP: 7/12
  4807 | D:6      | Found Zydi Veh's Magic Scroll Emporium.
  4807 | D:6      | Found Fess's Assorted Antiques.
  4807 | D:6      | Found Vaack's Magic Scroll Emporium.
  4810 | D:6      | Found Zudor's Jewellery Emporium.
  4918 | D:6      | Reached skill level 5 in Dodging
  4950 | D:6      | Found a glowing golden altar of the Shining One.
  5001 | D:6      | Reached skill level 5 in Fighting
  5053 | D:6      | Noticed Eustachio
  5065 | D:6      | Reached ** piety under Wu Jian
  5066 | D:6      | Reached skill level 6 in Unarmed Combat
  5078 | D:6      | Killed Eustachio
  5280 | D:6      | Found a staircase to the Ecumenical Temple.
  5378 | D:6      | Reached XP level 9. HP: 50/62 MP: 10/13
  5450 | D:6      | Noticed Duvessa
  5450 | D:6      | Noticed Dowan
  5464 | D:6      | Killed Dowan
  5465 | D:6      | Killed Duvessa
  5466 | D:6      | Reached skill level 7 in Unarmed Combat
  5926 | D:6      | Found a bloodstained altar of Trog.
  6091 | D:7      | Noticed a gargoyle
  6137 | D:7      | Mangled by a gargoyle

Illustrated notes

Levels and vault maps discovered:
D:1:      lightli_arrival_quake, layout_rooms
D:2:      layout_loops_corners, basic_altar, nicolae_underground_beach
D:3:      layout_basic, serial_shops, shop_statue
D:4:      layout_basic, zin_academy, grunt_gozag_statues, nicolae_shop_gadgets
D:5:      layout_cave_pods, mainiacjoe_overflow_small_starburst
D:6:      layout_basic, nicolae_overflow_hidden_temple,
          mainiacjoe_overflow_surrounded_room, temple_statues,
          minmay_shop_grid_forest, uniq_eustachio, uniq_duvessa
D:7:      layout_cave_pools, kennysheep_flooded_box

Skill      XL: |  1  2  3  4  5  6  7  8  9 |
---------------+----------------------------+-----
Fighting       | 2 3 4 6 |  6.0
Dodging        | 3 4 6 |  6.2
Spellcasting   | 3 |  3.0
Transmutations | 3 4 |  4.9
Unarmed Combat | 4 5 6 7 |  7.3

Action                     |  1- 3 |  4- 6 |  7- 9 || total
---------------------------+-------+-------+-------++-------
  Melee: Unarmed           |    79 |    76 |   192 ||   347
         Kick              |    19 |    22 |    20 ||    61
         Constrict         |    20 |    16 |    18 ||    54
         Tentacles         |    11 |    13 |    20 ||    44
         Punch             |     1 |     3 |     6 ||    10
   Cast: Beastly Appendage |    23 |    14 |     7 ||    44
         Wereblood         |     2 |     2 |     6 ||    10
         Spider Form       |     1 |     3 |    15 ||    19
Ability: Lunge             |     6 |     7 |    10 ||    23
         Whirlwind         |       |     2 |    33 ||    35
         End Transformatio |       |       |     1 ||     1
    Use: Scroll            |     3 |       |     4 ||     7
         Potion            |       |     4 |       ||     4
   Stab: Sleeping          |     6 |     2 |       ||     8
 Armour: Skin              |     7 |    17 |     8 ||    32
  Dodge: Dodged            |    55 |    60 |   141 ||   256
